 Dungeon Crawl Stone Soup version 0.30-a0-475-g03497ec522 (webtiles) character file.

Game seed: 5854401560672010231

0 NinjaNoafa the Grave Robber (level 1, -1/14 HPs)
             Began as a Ghoul Necromancer on Dec 20, 2022.
             Killed from afar by a dart slug (4 damage)
             ... with a slug dart
             ... on level 1 of the Dungeon.
             The game lasted 00:01:16 (80 turns).

NinjaNoafa the Grave Robber (Ghoul Necromancer)       Turns: 80, Time: 00:01:16

Health: -1/14      AC:  2    Str: 11    XL:     1   Next: 10%
Magic:  2/2        EV: 12    Int: 10    God:
Gold:   0          SH:  0    Dex:  9    Spells: 2/3 levels left

rFire   . . .      SeeInvis .    (no weapon)
rCold   + . .      Faith    .    (no shield)
rNeg    + + +      Spirit   .    a - +0 robe
rPois   ∞          Reflect  .    (no helmet)
rElec   .          Harm     .    (no cloak)
rCorr   .          Rampage  .    (no gloves)
Will    .....                    (no boots)
Stlth   ++........               (no amulet)
HPRegen 0.00/turn                (no ring)
MPRegen 0.08/turn                (no ring)

@: inhibited regen
A: claws 1, cold resistance 1, negative energy resistance 3, inhibited
regeneration, torment resistance 2, devour on kill
a: no special abilities


You were on level 1 of the Dungeon.
You visited 1 branch of the dungeon, and saw 1 of its levels.

Inventory:

Missiles
 c - 5 stones
Armour
 a - a +0 robe (worn)
Jewellery
 d - an amulet of magic regeneration
Scrolls
 e - a scroll of magic mapping {unknown}
 f - a scroll of immolation {unknown}
Potions
 b - a potion of magic


   Skills:
 - Level 1.7 Dodging
 + Level 2.2 Stealth
 * Level 1.8 Spellcasting
 + Level 4.0 Necromancy


You had 2 spell levels left.
You knew the following spells:

 Your Spells              Type           Power      Damage    Failure   Level
a - Necrotise             Necr           32%        1d5       6%          1

Your spell library contained the following spells:

 Spells                   Type           Power      Damage    Failure   Level
 Vampiric Draining        Necr           8%         2d6       19%         3
 Animate Dead             Necr           8%         N/A       52%         4
 Agony                    Necr           8%         N/A       86%         5


Dungeon Overview and Level Annotations

Branches:
Dungeon (1/15)

Altars:


Innate Abilities, Weirdness & Mutations

You are immune to poison.
You have sharp fingernails.
Your flesh is cold resistant. (rC+)
You are immune to negative energy. (rN+++)
You do not regenerate when monsters are visible.
You are immune to unholy pain and torment.
You thrive by killing the living.


Message History

c - 5 stones
d - an amulet of magic regeneration
There is a fountain of clear blue water here.
As you open the door, it creaks loudly!
There is an open door here.
Found a dagger.
Found a ring mail.
e - a scroll labelled FYANICIQYI A dart slug comes into view.
The dart slug struggles to resist.
The dart slug writhes in agony.
Found a scroll labelled DIT UNWIOCRUO.
Found a stone staircase leading down.
A rat comes into view.
You see here a scroll labelled DIT UNWIOCRUO.
f - a scroll labelled DIT UNWIOCRUO The dart slug launches a dart at you.
The slug dart misses you.
You see here a +0 dagger.
g - a +0 dagger
g - a +0 dagger (weapon)
The rat barely misses you.
You hit the rat but do no damage. The rat barely misses you.
You are now empty-clawed.
You drop a +0 dagger.
The rat bites you but does no damage.
You barely miss the rat. The rat completely misses you.
You scratch the rat.
You kill the rat!
The dart slug launches a dart at you. The slug dart hits you.
The dart slug launches a dart at you. The slug dart hits you.
You see here a rat corpse.
You scratch the dart slug but do no damage.
The dart slug bites you.
* * * LOW HITPOINT WARNING * * *
You scratch the dart slug.
The dart slug is moderately wounded.
The dart slug launches a dart at you. The slug dart hits you.
You die...

#### ... ...#.# ## .. ...
...... ... #.## ..# #....###.#
. .>.#.#.# #.##......
#.#....#.# #.##.....
.#.##.#.###.#...# ######## #
..##...........##.##.....#
#.#.#.##.....w@†).....##.8.8.#
##.#.#.####.###.##..####...8..#
#...........###.##..###...8.8.#
....#..w...........##........#
#...#w########+##.##.⌠.⌠.###.#
#...#.# #......##.....#.+.#
#..##.# #.......'..8..#<#.#
#..##.######......##.....#.'.#
#...w......###+##.##.⌠.⌠.###.#


You could see a dart slug.

Vanquished Creatures
  A rat (D:1)
1 creature vanquished.

Notes
Turn   | Place    | Note
-------+----------+-------------------------------------------
     0 | D:1      | NinjaNoafa the Ghoul Necromancer began the quest for the
                  | Orb.
     0 | D:1      | Reached XP level 1. HP: 14/14 MP: 2/2
    80 | D:1      | Killed from afar by a dart slug

Illustrated notes

Levels and vault maps discovered:
D:1:      ncdulo_halloftheorcs, layout_basic,
          hellmonk_ecumenical_altar_leap_of_faith, serial_shops,
          nicolae_shop_crystal

Action                   || total
-------------------------++-------
Melee: Unarmed           ||     4
       Dagger            ||     1
 Cast: Necrotise         ||     2
Armor: Robe              ||     1
Dodge: Dodged            ||     4

Table legend: (Time is in decaauts)
 A = Elapsed time spent in this place.
 B = Non-inter-level travel time spent in this place.
 C = Inter-level travel time spent in this place.
 D = Time resting spent in this place.
 E = Time spent auto-exploring this place.
 F = Levels seen in this place.
 G = Mean time per level.
                   A        B        C        D        E       F      G
               +--------+--------+--------+--------+--------+-----+--------+
         Total |     78 |     78 |      0 |      0 |     38 |   1 |   78.0 |
       Dungeon |     78 |     78 |      0 |      0 |     38 |   1 |   78.0 |
               +--------+--------+--------+--------+--------+-----+--------+

Top non-repeatable levels by time:
     D:1: 78 daAuts
